 Dungeon Crawl Stone Soup version 0.29.1-15-g9cfb28693d (webtiles) character file.

Game seed: 10707873645997472190

390 croobank the Covert (level 6, -1/44 HPs)
             Began as an Octopode Delver on Feb 27, 2023.
             Slain by an ogre
             ... wielding a +0 giant club
              (18 damage)
             ... on level 4 of the Dungeon.
             The game lasted 00:08:04 (3501 turns).

croobank the Covert (Octopode Delver)               Turns: 3501, Time: 00:08:05

Health: -1/44      AC:  1    Str: 11    XL:     6   Next: 80%
Magic:  6/6        EV: 14    Int: 14    God:
Gold:   152        SH:  5    Dex: 14    Spells: 5/5 levels left

rFire   . . .      SeeInvis .   a - +0 hand axe
rCold   . . .      Faith    .   (no shield)
rNeg    . . .      Spirit   .   (helmet restricted)
rPois   .          Reflect  +   o - amulet of reflection
rElec   .          Harm     .   (no ring)
rCorr   .          Rampage  .   (no ring)
Will    .....                   (no ring)
Stlth   +++++.....              (no ring)
HPRegen 0.14/turn               (no ring)
MPRegen 0.10/turn               (no ring)
                                (no ring)
                                (no ring)

@: no status effects
A: almost no armour, amphibious, 8 rings, camouflage 1, gelatinous body 1,
(nimble swimmer 1), tentacles
a: no special abilities


You were on level 4 of the Dungeon.
You visited 1 branch of the dungeon, and saw 7 of its levels.

You collected 152 gold pieces.

Inventory:

Hand Weapons
 a - a +0 hand axe (weapon)
 b - a +0 sling
 d - a +0 scimitar
 h - a +0 war axe
 l - a +0 short sword
 q - a +0 flail
Missiles
 c - 14 poisoned darts (quivered)
Magical Staves
 e - a staff of conjuration
Jewellery
 o - an amulet of reflection (around mantle)
Wands
 f - a wand of digging (3)
 i - a wand of mindburst (19)
Scrolls
 g - a scroll of magic mapping
 j - 2 scrolls of identify {unknown}
 p - a scroll of enchant weapon {unknown}
 r - a scroll of enchant armour {unknown}
 s - a scroll of brand weapon {unknown}
 t - 3 scrolls of fog
 u - 2 scrolls of blinking {unknown}
 v - a scroll of torment {unknown}
 w - 5 scrolls of teleportation {unknown}
 y - a scroll of amnesia {unknown}
 z - a scroll of immolation {unknown}
 B - a scroll of noise {unknown}
Potions
 k - a potion of resistance {unknown}
 m - a potion of mutation {unknown}
 n - a potion of curing {unknown}
 x - a potion of degeneration {unknown}
 A - 2 potions of haste


   Skills:
 + Level 4.4 Fighting
 * Level 4.0 Axes
 + Level 3.8 Dodging
 + Level 8.1 Stealth


You had 5 spell levels left.
You didn't know any spells.
Your spell library was empty.

Dungeon Overview and Level Annotations

Branches:
Dungeon (7/15)
 Temple: D:4-7

Altars:
Kikubaaqudgha
Xom
Yredelemnul

Shops:
D:3 (   D:4 [

Annotations:
D:5 Ijyb


Innate Abilities, Weirdness & Mutations

You cannot wear most types of armour.
You are amphibious.
You can wear up to eight rings at the same time.
Your skin changes colour to match your surroundings (Stealth+).
Your rubbery body absorbs attacks. (AC +1, EV +1)
((You are camouflaged when in or above water. (Stealth+)))
You have tentacles for arms and can constrict up to eight enemies at once.


Message History

You hit the jackal.
You kill the jackal!
No target in view!
You start resting.
HP restored.
You climb downwards.
The jackal barely misses you.
The jackal bites you but does no damage.
There is a stone staircase leading up here.
You hit the jackal but do no damage. Your grab misses the jackal.
You block the jackal's attack. The jackal barely misses you.
You barely miss the jackal. You grab the jackal. You constrict the jackal.
The jackal misses you.
You hit the jackal.
The jackal is heavily wounded.
You constrict the jackal. You block the jackal's attack. The jackal bites you.
The ogre barely misses you.
You hit the jackal but do no damage.
The jackal is severely wounded.
You closely miss the ogre. You constrict the jackal.
The jackal closely misses you.
You hit the jackal.
You kill the jackal!
You hit the ogre. The ogre misses you.
Aiming: Mindburst
Press: ? - help, Shift-Dir - straight line, f - ogre
Aim: an ogre, wielding a +0 giant club (chance to affect: 64%)
The ogre's mind is blasted!
The ogre hits you with a +0 giant club!!
Ouch! That really hurt!
Aiming: Mindburst
Press: ? - help, Shift-Dir - straight line, f/p - ogre
Aim: an ogre, wielding a +0 giant club (heavily wounded, chance to affect: 64%)
The ogre's mind is blasted!
A goblin comes into view. It is wielding a +0 club.
Aiming: Mindburst
Press: ? - help, Shift-Dir - straight line, f/p - ogre
Aim: an ogre, wielding a +0 giant club (severely wounded, chance to affect: 64%)
The ogre struggles to resist.
The ogre hits you with a +0 giant club!!
You die...

.....$... .......#
......# . .....####.. #.
....#....#
.#..##........#
........†...# #..@...>#
. #)O.....# .
#.........#
#............. ..
#.............##...#...
g..$...................#
.......................#
...##......>............
............


You could see an ogre and a goblin.

Vanquished Creatures
  A phantom (D:5)
  A scorpion (D:6)
  3 iguanas
  Robin (D:2)
  A gnoll (D:1)
  8 adders
  2 dart slugs
  An orc (D:2)
  3 ball pythons
  3 bats
  6 endoplasms
  9 hobgoblins
  17 jackals
  2 quokkas
  4 frilled lizards
  14 goblins
  7 kobolds
  3 rats
86 creatures vanquished.

Notes
Turn   | Place    | Note
-------+----------+-------------------------------------------
     0 | D:5      | croobank the Octopode Delver began the quest for the Orb.
     0 | D:5      | Reached XP level 1. HP: 16/16 MP: 1/1
     1 | D:6      | Noticed an iguana
     6 | D:6      | Killed an iguana
     7 | D:6      | Reached XP level 2. HP: 21/21 MP: 2/2
     7 | D:6      | Reached XP level 3. HP: 26/26 MP: 3/3
    60 | D:7      | Reached skill level 7 in Stealth
   101 | D:6      | Noticed a sky beast
   140 | D:6      | Noticed a scorpion
   152 | D:6      | Killed a scorpion
   153 | D:6      | Reached XP level 4. HP: 16/33 MP: 4/4
   309 | D:6      | Noticed an orc warrior
   344 | D:6      | Reached XP level 5. HP: 37/37 MP: 5/5
   354 | D:5      | Found a basalt altar of Yredelemnul.
   354 | D:5      | Noticed an ogre
   362 | D:5      | Found a shimmering altar of Xom.
   428 | D:5      | Noticed a phantom
   440 | D:5      | Killed a phantom
   458 | D:5      | Noticed Ijyb
   464 | D:4      | Found Rorauhun's Antique Armour Emporium.
   629 | D:3      | Found Koskaepe's Antique Weapon Shop.
   667 | D:3      | Reached XP level 6. HP: 32/43 MP: 6/6
  1801 | D:1      | Found a faded altar of an unknown god.
  2069 | D:2      | Noticed Robin
  2145 | D:2      | Killed Robin
  2146 | D:2      | Reached skill level 8 in Stealth
  3133 | D:3      | Found an ancient bone altar of Kikubaaqudgha.
  3501 | D:4      | Slain by an ogre

Illustrated notes

Levels and vault maps discovered:
D:1:      eino_arrival_water_cross, layout_basic,
          shapermc_ecumenical_altar_petra
D:2:      kennysheep_six_static_rooms, layout_basic, roderic_roman_lattice,
          glass_columns_a, grunt_ministairs_1, uniq_robin
D:3:      layout_loops_ring, mainiacjoe_overflow_six_doors_small, serial_shops,
          shop
D:4:      layout_cave_pools, serial_shops, shop, uniq_grinder
D:5:      layout_basic, nicolae_overflow_crystal_walls,
          mainiacjoe_overflow_catwalk_spiral, uniq_sigmund, uniq_ijyb,
          uniq_crazy_yiuf_cottage
D:6:      layout_loops_ring
D:7:      layout_rooms, minmay_temple_entry_poolview

Skill      XL: |  1  2  3  4  5  6 |
---------------+-------------------+-----
Stealth        | 7 8 |  8.1
Axes           | 3 4 |  4.0
Dodging        | 3 |  3.8
Fighting       | 4 |  4.4

Action                   |  1- 3 |  4- 6 || total
-------------------------+-------+-------++-------
Melee: Hand axe          |    16 |   152 ||   168
       Tentacles         |     6 |    33 ||    39
       Constrict         |     3 |    33 ||    36
       Punch             |       |     1 ||     1
Throw: Dart              |       |     2 ||     2
Evoke: Wand              |       |     5 ||     5
  Use: Scroll            |     1 |     1 ||     2
       Potion            |       |     1 ||     1
 Stab: Sleeping          |     1 |    34 ||    35
       Distracted        |     1 |       ||     1
Armor: Skin              |       |     6 ||     6
Dodge: Dodged            |    11 |   109 ||   120
Block: Other             |       |     9 ||     9
